 Dungeon Crawl Stone Soup version 0.20.1-1-g8b1a95d (webtiles) character file.

131 sprush the Magician (level 5, 0/35 HPs)
             Began as a Barachi Wizard on Oct 30, 2017.
             Slain by a centaur skeleton (3 damage)
             ... on level 4 of the Dungeon.
             The game lasted 00:30:57 (3423 turns).

sprush the Magician (Barachi Wizard)                Turns: 3423, Time: 00:30:57

Health: 0/35       AC:  4    Str:  8    XL:     5   Next: 14%
Magic:  0/11       EV: 12    Int: 20    God:
Gold:   209        SH:  0    Dex: 10    Spells: 4/13 levels left

rFire    . . .     SeeInvis .   w - +1 flail (protect)
rCold    . . .     Gourm    .   (no shield)
rNeg     + . .     Faith    .   e - +1 robe {rN+}
rPois    .         Spirit   .   b - +0 hat
rElec    .         Reflect  .   (no cloak)
rCorr    .         Harm     .   (no gloves)
MR       .....                  y - +0 pair of boots
Stlth    ++........             (no amulet)
Regen    0.2/turn               q - ring of wizardry
MPRegen  0.2/turn               (no ring)

@: can't hop, slow
A: +LOS, swims, slowness 1, strong legs 1
a: Hop


You were on level 4 of the Dungeon.
You were not hungry.

You visited 1 branch of the dungeon, and saw 4 of its levels.

You collected 209 gold pieces.

Inventory:

Hand Weapons
 l - a +0 short sword
 w - a +1 flail of protection (weapon)
 A - a +0 hunting sling
 C - a +0 blowgun
Missiles
 i - 33 bolts
 j - 91 stones (quivered)
 u - a throwing net
 B - 13 poisoned needles
Armour
 a - a +0 robe
 b - a +0 hat (worn)
 e - a +1 robe of positive energy (worn)
 x - a +0 buckler
 y - a +0 pair of boots (worn)
Jewellery
 q - a ring of wizardry (left hand)
Scrolls
 f - a scroll of immolation {unknown}
 g - 2 scrolls of random uselessness {unknown}
 k - 5 scrolls of identify {unknown}
 n - a scroll of fear {unknown}
 o - 2 scrolls of noise {unknown}
 p - 3 scrolls of enchant weapon {unknown}
 r - a scroll of remove curse {unknown}
 z - a scroll of magic mapping {unknown}
 E - a scroll of blinking {unknown}
Potions
 s - a potion of degeneration {unknown}
 t - a potion of might {unknown}
 v - a potion of heal wounds {unknown}
Books
 c - a book of Minor Magic

   Spells                             Type                      Level
   a - Magic Dart                     Conjuration                  1
   b - Blink                          Translocation                2
   c - Call Imp                       Summoning                    2
   d - Slow                           Hexes                        2
   e - Conjure Flame                  Conjuration/Fire             3
   f - Mephitic Cloud                 Conjuration/Poison/Air       3
 D - a book of Conjurations

   Spells                             Type                      Level
   a - Magic Dart                     Conjuration                  1
   b - Searing Ray                    Conjuration                  2
   c - Dazzling Spray                 Conjuration/Hexes            3
   d - Fulminant Prism                Conjuration/Hexes            4
   e - Force Lance                    Conjuration/Translocation    4
   f - Iskenderun's Mystic Blast      Conjuration                  4
Comestibles
 d - 3 bread rations
 h - 2 royal jellies
 m - a meat ration


   Skills:
 + Level 0.4 Short Blades
 + Level 1.0 Maces & Flails
 + Level 2.5 Dodging
 + Level 1.9 Stealth
 * Level 1.2 Shields
 + Level 4.5 Spellcasting
 + Level 2.5 Conjurations
 + Level 1.6 Summonings
 + Level 1.1 Translocations


You had 4 spell levels left.
You knew the following spells:

 Your Spells              Type           Power        Failure   Level  Hunger
a - Magic Dart            Conj           ##..         1%          1    None
b - Call Imp              Summ           ##......     4%          2    #......
c - Blink                 Tloc           N/A          4%          2    #......
d - Slow                  Hex            #.......     8%          2    #......
e - Searing Ray           Conj           ##....       2%          2    #......


Dungeon Overview and Level Annotations

Branches:
Dungeon (4/15)
 Temple: D:4-7

Altars:
Sif Muna
Trog
Xom

Annotations:
D:3 Robin


Innate Abilities, Weirdness & Mutations

Shadows flee at your approach. (+LOS)
You can swim through water.
You cover ground slowly.
You can hop short distances.


Message History

Press: ? - help, Shift-Dir - straight line, f - centaur skeleton
Aim: a centaur skeleton (chance to defeat MR: 50%)
The centaur skeleton resists with significant effort.
Casting: Slow
Confirm with . or Enter, or press ? or * to list all spells.
You blink.
You are ready to hop once more.
Found 10 gold pieces.
Hop to where?
Press: ? - help, Dir - move target cursor, p - centaur skeleton Boing!
A quokka and a skeleton come into view.
Found a stone staircase leading down.
The quokka barely misses you.
You see here a smoky cyan potion.
The centaur skeleton barely misses you.
The quokka bites you but does no damage.
There is a stone staircase leading down here.
The centaur skeleton hits you.
You die...

##........##
#..........#
#..........#
####..........#####
..............<..#
............)...#
#........#....#
....#........#....#
........@Z........#
.........r........#
..........Z.......[..
##...........)....###
#....>........#####
..#.#...........
.................
#.#.######.....###
#.#. ..#....


You could see a quokka, a leopard gecko skeleton and a centaur skeleton.

Vanquished Creatures
  An orc priest (D:3)
  2 gnolls
  2 adders (D:2)
  2 leopard geckos (D:2)
  An orc (D:3)
  A giant cockroach (D:1)
  8 goblins
  11 hobgoblins
  2 jackals (D:1)
  6 kobolds
  2 quokkas
  3 bats
  2 frilled lizards
  6 rats
49 creatures vanquished.

Vanquished Creatures (collateral kills)
  5 orcs (D:3)
  2 goblins (D:2)
  A frilled lizard (D:2)
  A kobold (D:2)
  A rat (D:2)
10 creatures vanquished.

Grand Total: 59 creatures vanquished

Notes
Turn   | Place    | Note
-------+----------+-------------------------------------------
     0 | D:1      | sprush the Barachi Wizard began the quest for the Orb.
     0 | D:1      | Reached XP level 1. HP: 13/13 MP: 4/4
   262 | D:1      | Reached XP level 2. HP: 14/19 MP: 0/6
  1022 | D:1      | Reached skill level 4 in Spellcasting
  1072 | D:2      | Learned a level 2 spell: Call Imp
  1131 | D:2      | Reached XP level 3. HP: 24/24 MP: 5/8
  1868 | D:2      | Reached XP level 4. HP: 30/30 MP: 7/10
  2197 | D:3      | Learned a level 2 spell: Blink
  2200 | D:3      | Learned a level 2 spell: Slow
  2558 | D:3      | Learned a level 2 spell: Searing Ray
  3253 | D:3      | Found a bloodstained altar of Trog.
  3254 | D:3      | Found a shimmering altar of Xom.
  3255 | D:3      | Found a deep blue altar of Sif Muna.
  3260 | D:3      | Noticed Robin
  3315 | D:3      | Reached skill level 1 in Shields
  3315 | D:3      | Reached XP level 5. HP: 35/35 MP: 4/11
  3415 | D:4      | Reached skill level 1 in Maces & Flails
  3423 | D:4      | Slain by a centaur skeleton

Skill      XL: |  1  2  3  4  5 |
---------------+----------------+-----
Spellcasting   | 4 |  4.5
Conjurations   | 2 |  2.5
Shields        | 1 |  1.2
Maces & Flails | 1 |  1.0
Short Blades   | |  0.4
Dodging        | |  2.5
Stealth        | |  1.9
Summonings     | |  1.6
Translocations | |  1.1

Action                   |  1- 3 |  4- 6 || total
-------------------------+-------+-------++-------
Melee: Short sword       |    29 |       ||    29
       Flail             |       |    16 ||    16
 Cast: Magic Dart        |    73 |    31 ||   104
       Call Imp          |     4 |    13 ||    17
       Searing Ray       |       |     4 ||     4
       Slow              |       |     2 ||     2
       Blink             |       |     1 ||     1
 Abil: Hop               |     2 |     2 ||     4
  Eat: Chunk             |     3 |     4 ||     7
       Meat ration       |       |     1 ||     1
Armor: Robe              |     4 |    10 ||    14
Dodge: Dodged            |    28 |    25 ||    53
